 Dungeon Crawl Stone Soup version 0.25-a0-578-gc91f01c39c (webtiles) character file.

Game seed: 7534340118660557192, levelgen mode: deterministic

12604 Eurus the Thaumaturge (level 11, -11/79 HPs)
             Began as a Mummy Conjurer on Mar 2, 2020.
             Was a Follower of Ashenzari.
             Mangled by a seven-headed hydra (13 damage)
             ... on level 1 of the Lair of Beasts on Mar 3, 2020.
             The game lasted 01:07:50 (17827 turns).

Eurus the Thaumaturge (Mummy Conjurer)             Turns: 17827, Time: 01:07:52

Health: -11/79     AC:  9    Str: 14    XL:     11   Next: 64%
Magic:  13/25      EV: 10    Int: 21    God:    Ashenzari [*.....]
Gold:   848        SH: 11    Dex: 12    Spells: 24/31 levels left

rFire    x . .     SeeInvis .   f - staff of energy (curse)
rCold    + . .     Gourm    .   a - +1 kite shield {reflect} (curse)
rNeg     + + +     Faith    .   r - +2 robe {Archmagi} (curse)
rPois    ∞         Spirit   .   l - +0 helmet
rElec    .         Reflect  +   n - +0 cloak
rCorr    .         Harm     .   c - +2 pair of gloves {Str+3} (curse)
MR       +....                  (no boots)
Stlth    ++........             b - amulet of magic regeneration (curse)
HPRegen  0.23/turn              d - +2 ring of intelligence (curse)
MPRegen  0.44/turn              (no ring)

@: no status effects
A: no food or potions, fire vulnerability, cold resistance 1, negative energy
resistance 3, torment resistance, unbreathing
a: Curse Item, Scrying, Renounce Religion


You were on level 1 of the Lair of Beasts.
You worshipped Ashenzari.
Ashenzari was aware of your devotion.
You were not hungry.

You visited 4 branches of the dungeon, and saw 14 of its levels.
You also visited: Sewer.

You collected 848 gold pieces.

Inventory:

Armour
 a - a cursed +1 kite shield of reflection (worn)
 c - a cursed +2 pair of gloves of strength (worn)
 l - a +0 helmet (worn)
 n - a +0 cloak (worn)
 r - a cursed +2 robe of the Archmagi (worn)
Magical Staves
 f - a cursed staff of energy (weapon)
Jewellery
 b - a cursed amulet of magic regeneration (around neck)
 d - a cursed +2 ring of intelligence (left hand)
 i - an uncursed ring of ice
Wands
 j - a wand of iceblast (1)
 p - a wand of flame (25)
 q - a wand of random effects (18)
 u - a wand of acid (26)
 w - a wand of disintegration (10)
Scrolls
 e - a scroll of silence
 g - 2 scrolls of enchant weapon
 h - a scroll of remove curse
 o - 4 scrolls of teleportation
 t - 5 scrolls of identify
 v - a scroll of magic mapping
 x - a scroll of vulnerability
 y - a scroll of amnesia


   Skills:
 - Level 5.0 Fighting
 - Level 1.5 Dodging
 - Level 1.5 Stealth
 + Level 6.7 Shields
 + Level 10.5 Spellcasting
 + Level 10.2 Conjurations
 + Level 6.2 Translocations


You had 24 spell levels left.
You knew the following spells:

 Your Spells              Type           Power        Failure   Level  Hunger
a - Magic Dart            Conj           ####         1%          1    N/A
b - Searing Ray           Conj           ######       1%          2    N/A
c - Iskenderun's Mystic   Conj/Tloc      ######..     6%          4    N/A

Your spell library contained the following spells:

 Spells                   Type           Power        Failure   Level  Hunger
 Apportation              Tloc           ######       1%          1    N/A
 Shock                    Conj/Air       ####         2%          1    N/A
 Dazzling Flash           Conj/Hex       #####.       6%          3    N/A
 Static Discharge         Conj/Air       #####...     6%          3    N/A
 Stone Arrow              Conj/Erth      #####.       6%          3    N/A
 Mephitic Cloud           Conj/Pois/Air  #####...     13%         3    N/A
 Animate Skeleton         Necr           N/A          19%         1    N/A
 Corona                   Hex            ###....      19%         1    N/A
 Sandblast                Erth           ###...       19%         1    N/A
 Sting                    Tmut/Pois      ###.         19%         1    N/A
 Summon Small Mammal      Summ           ###.         19%         1    N/A
 Fulminant Prism          Conj/Hex       #####.....   22%         4    N/A
 Passwall                 Tmut/Erth      ###.....     26%         2    N/A
 Poisonous Vapours        Pois/Air       ###...       26%         2    N/A
 Swiftness                Chrm/Air       ###.....     26%         2    N/A
 Ignite Poison            Fire/Tmut/Pois ###.....     47%         3    N/A
 Lightning Bolt           Conj/Air       #####.....   52%         5    N/A
 Airstrike                Air            ###.......   87%         4    N/A
 Olgreb's Toxic Radiance  Pois           ###.....     87%         4    N/A
 Petrify                  Tmut/Erth      ###.....     87%         4    N/A
 Lee's Rapid Deconstruct  Erth           ###.......   99%         5    N/A

Dungeon Overview and Level Annotations

Branches:
Dungeon (11/15)            Temple (1/1) D:5            Lair (1/6) D:10
    Orc (1/2) D:9           Sewer (visited)

Altars:
Ashenzari
Cheibriados
Dithmenos
Elyvilon
Fedhas
Gozag
Hepliaklqana
Kikubaaqudgha
Makhleb
Nemelex Xobeh
Okawaru
Qazlal
Ru
Sif Muna
Trog
Uskayaw
Vehumet
Wu Jian
Xom
Yredelemnul
Zin
The Shining One

Annotations:
D:4 2 transporters, 1 exclusion
D:5 1 exclusion, Sigmund
D:8 Maggie
Orc:1 Fannar


Innate Abilities, Weirdness & Mutations

You do not eat or drink.
Your flesh is vulnerable to fire.
You are immune to poison.
Your flesh is cold resistant. (rC+)
You are immune to negative energy. (rN+++)
You are immune to unholy pain and torment.
You can survive without breathing.


Message History

The seven-headed hydra is almost dead.
You block the seven-headed hydra's attack.
The seven-headed hydra bites you but does no damage. x2
You block the seven-headed hydra's attack.
The seven-headed hydra misses you. The seven-headed hydra bites you!
The seven-headed hydra barely misses you.
Casting: Iskenderun's Mystic Blast (safe; 6% risk of failure)
Confirm with . or Enter, or press ? or * to list all spells.
You feel a surge of power!
You erupt in a blast of force!
The mystic blast misses the seven-headed hydra.
The seven-headed hydra bites you!
The seven-headed hydra closely misses you.
The seven-headed hydra bites you!
* * * LOW HITPOINT WARNING * * *
The seven-headed hydra bites you!
* * * LOW HITPOINT WARNING * * *
The seven-headed hydra bites you.
* * * LOW HITPOINT WARNING * * *
The seven-headed hydra bites you!
You die...

### ##P....###
#P####......## ##
..†..........## #.#.
###...........##
##≈... #
##...........###.≈..##
#.............≈≈≈≈≈.#
##...........≈≈≈≈≈≈..
#..##........≈≈≈≈≈≈.
##..####.....@D≈≈≈≈≈.
#.#..#####....≈≈≈≈≈≈.
###...# #.#..≈≈≈≈≈≈≈.
#.#.## ####≈≈≈≈≈≈≈..
###†.# #..≈≈≈≈..#
##.### .#.≈≈≈....
##...# ##........
#.#.## ####.....
###.P#


You could see a seven-headed hydra.

Vanquished Creatures
  Pikel (D:3)
  A manticore (D:11)
  Psyche (D:8)
  A spiny frog (D:10)
  A komodo dragon (D:10)
  A tengu conjurer (D:11)
  A hippogriff (D:9)
  4 blink frogs
  Eustachio (D:5)
  15 yaks
  4 hogs (D:7)
  A human (D:7)
  A steam dragon (D:11)
  Menkaure (D:5)
  Grum (D:8)
  3 hungry ghosts (D:9)
  A water moccasin (D:9)
  Edmund (D:4)
  2 eyes of draining
  2 ice beasts
  3 orc warriors
  3 black bears
  3 phantoms
  4 sky beasts
  3 ogres
  6 centaurs
  2 wolves (D:8)
  A big kobold (D:9)
  4 bullfrogs
  A wyvern skeleton (D:6)
  7 killer bees
  5 scorpions
  2 troll zombies (D:9)
  A howler monkey (D:11)
  3 jellies
  3 bullfrog zombies
  A crimson imp (D:11)
  5 hounds
  3 bullfrog skeletons
  3 orc priests
  An iguana (D:9)
  13 orc wizards
  7 worker ants
  4 ogre zombies (D:9)
  2 hound skeletons
  Robin (D:2)
  6 gnolls
  21 adders
  3 shadow imps
  12 oozes
  2 adder skeletons
  3 worms
  A dart slug (D:1)
  16 leopard geckos
  49 orcs
  14 giant cockroaches
  11 goblins
  20 hobgoblins
  11 jackals
  9 kobolds
  3 quokkas
  10 ball pythons (Sewer)
  18 bats
  16 frilled lizards
  3 goblin skeletons (D:9)
  A goblin zombie (D:9)
  2 hobgoblin skeletons (D:9)
  4 hobgoblin zombies (D:9)
  A jackal skeleton (D:5)
  2 orc skeletons (D:9)
  7 orc zombies (D:9)
  2 quokka skeletons
  5 rats (D:1)
387 creatures vanquished.

Vanquished Creatures (others)
  A manticore (D:11)
  Duvessa (D:4)
  A slave (D:4)
  A centaur (D:10)
  Dowan (D:4)
  2 gnolls (D:4)
  An adder (D:4)
  A fungus (Lair:1)
  2 plants (D:10)
11 creatures vanquished.

Grand Total: 398 creatures vanquished

Notes
Turn   | Place    | Note
-------+----------+-------------------------------------------
     0 | D:1      | Eurus the Mummy Conjurer began the quest for the Orb.
     0 | D:1      | Reached XP level 1. HP: 13/13 MP: 4/4
   226 | D:1      | Reached XP level 2. HP: 19/19 MP: 3/6
   630 | D:1      | Reached XP level 3. HP: 10/24 MP: 1/7
  2579 | D:1      | Upgraded the game from 0.25-a0-577-ga4619f409e to
                  | 0.25-a0-578-gc91f01c39c
  3040 | D:2      | Reached XP level 4. HP: 30/30 MP: 5/9
  3044 | D:2      | Learned a level 2 spell: Searing Ray
  3494 | D:3      | Noticed Robin
  3525 | D:2      | Killed Robin
  3933 | D:3      | Reached XP level 5. HP: 31/36 MP: 7/11
  4306 | D:4      | Reached skill level 1 in Fighting
  4335 | D:4      | Noticed Duvessa
  4336 | D:4      | Noticed Dowan
  4401 | D:4      | Found a transporter.
  4710 | D:4      | Reached skill level 5 in Conjurations
  4717 | D:4      | Noticed Edmund
  4745 | D:4      | Noticed Pikel
  4745 | D:4      | Noticed a slave
  5036 | D:3      | Killed Pikel
  5036 | D:3      | Reached skill level 5 in Spellcasting
  5036 | D:3      | Reached XP level 6. HP: 26/46 MP: 2/13
  5036 | D:3      | Reached XP level 7. HP: 29/51 MP: 2/14
  5184 | D:3      | Learned a level 4 spell: Iskenderun's Mystic Blast
  5433 | D:4      | Killed Dowan
  5493 | D:4      | Killed Duvessa
  5532 | D:4      | Found a transporter.
  5689 | D:4      | Reached skill level 1 in Translocations
  5781 | D:4      | Killed Edmund
  5781 | D:4      | Reached XP level 8. HP: 43/57 MP: 9/16
  6021 | D:5      | Entered Level 5 of the Dungeon
  6095 | D:5      | Noticed Menkaure
  6384 | D:5      | Found a staircase to the Ecumenical Temple.
  6400 | Temple   | Entered the Ecumenical Temple
  6832 | D:5      | Killed Menkaure
  7129 | D:5      | Noticed Sigmund
  7240 | D:5      | Noticed Eustachio
  7244 | D:5      | Killed Eustachio
  7530 | D:6      | Found a glowing drain.
  7548 | Sewer    | Entered a sewer
  7937 | Sewer    | Reached XP level 9. HP: 62/62 MP: 16/19
  8322 | D:6      | Found the +8 orange crystal plate armour {Archmagi, Int+3
                  | Clar}
  8771 | D:6      | Found a shadowy altar of Dithmenos.
  9487 | D:7      | Found a sparkling altar of Nemelex Xobeh.
 10345 | D:8      | Noticed Maggie
 10582 | D:8      | Noticed Psyche
 10786 | D:8      | Noticed Grum
 11365 | D:8      | Killed Grum
 11579 | D:8      | Reached XP level 10. HP: 69/69 MP: 18/22
 11682 | D:8      | Killed Psyche
 11712 | D:9      | Reached skill level 5 in Shields
 13374 | D:9      | Found a staircase to the Orcish Mines.
 13548 | D:9      | Found an iron altar of Okawaru.
 13548 | D:9      | Found a shattered altar of Ashenzari.
 13548 | D:9      | Found a shimmering altar of Xom.
 13548 | D:9      | Found a glowing silver altar of Zin.
 13663 | D:9      | Found a white marble altar of Elyvilon.
 13666 | D:9      | Found a radiant altar of Vehumet.
 13680 | D:9      | Became a worshipper of Ashenzari the Shackled
 13803 | Orc:1    | Entered Level 1 of the Orcish Mines
 13803 | Orc:1    | Noticed Fannar
 13803 | Orc:1    | Noticed a two-headed ogre
 13825 | D:10     | Entered Level 10 of the Dungeon
 14021 | D:10     | Found a staircase to the Lair.
 14111 | D:10     | Reached skill level 5 in Translocations
 14999 | Lair:1   | Entered Level 1 of the Lair of Beasts
 15005 | Lair:1   | Noticed a spiny frog
 15015 | D:10     | Reached XP level 11. HP: 51/78 MP: 13/24
 15476 | Lair:1   | Reached skill level 5 in Fighting
 15565 | Lair:1   | Noticed a seven-headed hydra
 15619 | D:11     | Reached * piety under Ashenzari
 16086 | D:11     | Reached skill level 10 in Spellcasting
 16086 | D:11     | Reached skill level 10 in Conjurations
 17827 | Lair:1   | HP: 3/79 [seven-headed hydra (8)]
 17827 | Lair:1   | Mangled by a seven-headed hydra

Levels and vault maps discovered:
D:1:      kilobyte_arrival_exit_the_forest, layout_loops_ring,
          minmay_close_crescents
D:2:      layout_rooms, minmay_split_cup_large
D:3:      layout_basic, minivault_11, uniq_robin
D:4:      gammafunk_steamed_eel, layout_basic, first_ration, uniq_edmund,
          uniq_duvessa, uniq_pikel
D:5:      layout_cave_pods, minmay_temple_entry_purple_smoke,
          kennysheep_flooded_box, uniq_eustachio, uniq_sigmund, uniq_menkaure
D:6:      layout_basic, grunt_dithmenos_smoke_and_mirrors, portal_sewer_entry_f,
          minmay_misc_feat_room
D:7:      layout_cave_pools, grunt_livestock, chequers_serial_rivers_micro_e,
          lemuel_altar_in_water
D:8:      layout_gridville, uniq_psyche, uniq_maggie, uniq_grum
D:9:      layout_basic, minmay_overflow_temple_hex, zombieorc1_lemuel
D:10:     layout_loops_cross, david_lair_shrubbed, minmay_misc_feat_enclosed
D:11:     layout_cave_pools, st_stairs_10
Temple:   regret_index_temple_waves
Lair:1:   layout_cave_pods, gammafunk_ghost_grave, infiniplex_staircase_pool,
          minmay_lair_oklob_chamber
Orc:1:    cheibrodos_orc_bank, layout_caves, serial_shops,
          nicolae_shop_temple_entry_statues_fountains, basic_altar, uniq_erica,
          uniq_harold, uniq_fannar

Skill      XL: |  1  2  3  4  5  6  7  8  9 10 11 |
---------------+----------------------------------+-----
Spellcasting   | 3 4 5 7 8 9 10 | 10.5
Conjurations   | 4 5 6 7 8 9 10 | 10.2
Fighting       | 2 4 5 |  5.0
Shields        | 2 3 4 5 6 |  6.7
Translocations | 1 2 4 5 6 |  6.2
Dodging        | |  1.5
Stealth        | |  1.5

Action                   |  1- 3 |  4- 6 |  7- 9 | 10-12 || total
-------------------------+-------+-------+-------+-------++-------
Melee: Unarmed           |    41 |       |       |       ||    41
       Club              |    11 |       |       |       ||    11
       Trident           |       |    13 |       |       ||    13
       Dagger            |       |    21 |    71 |    12 ||   104
       Staff             |       |       |       |     9 ||     9
 Cast: Magic Dart        |    89 |    42 |   164 |   125 ||   420
       Searing Ray       |       |    19 |    75 |   119 ||   213
       Iskenderun's Myst |       |       |       |     2 ||     2
Invok: Curse Item        |       |       |       |     6 ||     6
  Use: Scroll            |       |       |    14 |     2 ||    16
 Stab: Sleeping          |       |     1 |       |       ||     1
Armor: Robe              |    26 |     7 |    41 |    49 ||   123
       Animal skin       |       |    13 |     2 |       ||    15
Dodge: Dodged            |    60 |    37 |    68 |    79 ||   244
Block: Kite shield       |       |       |    60 |   125 ||   185
       Reflection        |       |       |     1 |    16 ||    17

Table legend:
 A = Non-vault XP
 B = Vault XP
 C = Vault XP percentage of total XP
 D = Non-vault monster count
 E = Vault monster count
 F = Vault count percentage of total count
                 A         B        C        D         E       F
            +---------+---------+-------+---------+---------+-------
      Total |   13312 |    4694 |  26.1 |     268 |     121 |  31.1
            +---------+---------+-------+---------+---------+-------
        D:1 |      63 |       7 |  10.0 |      33 |       4 |  10.8
        D:2 |      15 |      33 |  68.8 |       8 |       5 |  38.5
        D:3 |     124 |     627 |  83.5 |      29 |       6 |  17.1
        D:4 |     492 |     162 |  24.8 |      19 |       1 |   5.0
        D:5 |     607 |     383 |  38.7 |      32 |       2 |   5.9
        D:6 |     690 |      10 |   1.4 |      22 |       4 |  15.4
        D:7 |     597 |     958 |  61.6 |      10 |       5 |  33.3
        D:8 |     100 |     884 |  89.8 |       8 |       4 |  33.3
        D:9 |    1726 |     753 |  30.4 |      28 |      28 |  50.0
       D:10 |    2490 |     391 |  13.6 |      32 |       2 |   5.9
       D:11 |    4758 |     191 |   3.9 |      39 |       2 |   4.9
     Lair:1 |    1650 |       0 |   0.0 |       8 |       0 |   0.0
      Sewer |       0 |     295 | 100.0 |       0 |      58 | 100.0
            +---------+---------+-------+---------+---------+-------
